 Dungeon Crawl Stone Soup version 0.25.1-2-g60ff931df9 (webtiles) character file.

Game seed: 14364585802202603854

70 DildoBatman the Conjurer (level 4, -1/30 HPs)
             Began as a Formicid Wizard on Aug 20, 2020.
             Killed by nerve-wracking pain
             ... invoked by an orc priest
              (13 damage)
             ... on level 3 of the Dungeon.
             The game lasted 00:04:11 (2408 turns).

DildoBatman the Conjurer (Formicid Wizard)          Turns: 2408, Time: 00:04:11

Health: -1/30      AC:  2    Str: 12    XL:     4   Next: 45%
Magic:  2/8        EV: 12    Int: 18    God:
Gold:   117        SH:  0    Dex:  9    Spells: 2/9 levels left

rFire    . . .     SeeInvis +   b - +0 hunting sling
rCold    . . .     Gourm    .   (no shield)
rNeg     . . .     Faith    +   m - +0 robe
rPois    .         Spirit   .   (helmet unavailable)
rElec    .         Reflect  .   u - scarf {+Inv}
rCorr    .         Harm     .   (no gloves)
MR       .....                  (no boots)
Stlth    ++........             n - amulet of faith
HPRegen  0.10/turn              (no ring)
MPRegen  0.11/turn              (no ring)

@: no status effects
A: permanent stasis, dig shafts and tunnels, four strong arms, antennae 3
a: Dig, Shaft Self, Evoke Invisibility


You were on level 3 of the Dungeon.
You were not hungry.

You visited 1 branch of the dungeon, and saw 3 of its levels.

You collected 117 gold pieces.

Inventory:

Hand Weapons
 a - a +0 whip
 b - a +0 hunting sling (weapon)
Missiles
 f - 18 poisoned darts
 h - 11 stones (quivered)
 l - 57 arrows
 r - 7 boomerangs
Armour
 m - a +0 robe (worn)
 u - a scarf of invisibility (worn)
Jewellery
 n - an amulet of faith (around neck)
 q - an uncursed ring of ice
Scrolls
 e - 2 scrolls of enchant weapon {unknown}
 i - a scroll of identify {unknown}
 o - a scroll of magic mapping {unknown}
 p - a scroll of noise {unknown}
 t - a scroll of remove curse {unknown}
Potions
 c - 2 potions of curing {unknown}
 d - a potion of lignification {unknown}
 g - a potion of heal wounds {unknown}
 j - a potion of berserk rage {unknown}
 k - a potion of resistance {unknown}
 w - a potion of stabbing {unknown}
Comestibles
 s - a chunk of flesh
 v - 3 rations


   Skills:
 - Level 1.7 Dodging
 - Level 2.4 Stealth
 - Level 3.2 Spellcasting
 * Level 3.6 Conjurations
   Level 1.0 Summonings
   Level 0.8 Translocations


You had 2 spell levels left.
You knew the following spells:

 Your Spells              Type           Power        Failure   Level  Hunger
a - Conjure Flame         Conj/Fire      #.......     22%         3    ###....
c - Magic Dart            Conj           ###.         3%          1    None
e - Mephitic Cloud        Conj/Pois/Air  #.......     28%         3    ###....

Your spell library contained the following spells:

 Spells                   Type           Power        Failure   Level  Hunger
 Call Imp                 Summ           #.......     16%         2    ##.....
 Slow                     Hex            #.......     24%         2    ##.....
 Blink                    Tloc           Unusable     N/A         2    N/A

Dungeon Overview and Level Annotations

Branches:
Dungeon (3/15)

Altars:
Dithmenos
Okawaru
Qazlal
Sif Muna
Trog
Yredelemnul
Zin


Innate Abilities, Weirdness & Mutations

You cannot be hasted, slowed, berserked, paralysed or teleported.
You can dig through walls and to a lower floor.
Your four strong arms can wield two-handed weapons with a shield.
You have a pair of large antennae on your head. (SInv)


Message History

Pain shoots through your body!
Casting: Magic Dart (safe; 3% risk of failure)
Confirm with . or Enter, or press ? or * to list all spells.
Aiming: Magic Dart (safe; 3% risk of failure)
Press: ? - help, Shift-Dir - straight line, f/p - orc priest
Aim: an orc priest, wielding a +0 dagger (severely wounded)
The magic dart hits the orc priest.
The orc priest is almost dead.
The orc priest invokes the aid of Beogh against you.
Pain shoots through your body!
Casting: Magic Dart (safe; 3% risk of failure)
Confirm with . or Enter, or press ? or * to list all spells.
Aiming: Magic Dart (safe; 3% risk of failure)
Press: ? - help, Shift-Dir - straight line, f/p - orc priest
Aim: an orc priest, wielding a +0 dagger (almost dead)
The magic dart hits the orc priest.
The orc priest is almost dead.
The orc priest mumbles some strange prayers to Beogh against you.
Pain shoots through your body!
You die...

.S...#.# ....#o#
#######.#...#.#
#....<#.#...#.# {
###'#####.##..#.#
#.......#.##..#[##########
#.......#.##..#'#.........
#.......#.....o...........
#.......#....@..........≈.
#.......'............≈§...
#.......##..........§≈≈...
#.......##.........≈≈≈##≈#
#.......##..........§#≈≈≈≈#
#.......##...........#≈_8≈§
#.......##..........≈.≈.>§#
........##...........≈≈≈≈≈
....... #...........#§§###


You could see an orc priest.

Vanquished Creatures
  3 adders
  2 worms
  A dart slug (D:2)
  4 orcs
  4 bats
  A giant cockroach (D:2)
  3 goblins
  4 hobgoblins
  3 kobolds
  3 frilled lizards
  3 rats
31 creatures vanquished.

Notes
Turn   | Place    | Note
-------+----------+-------------------------------------------
     0 | D:1      | DildoBatman the Formicid Wizard began the quest for the
                  | Orb.
     0 | D:1      | Reached XP level 1. HP: 13/13 MP: 4/4
   145 | D:1      | Reached skill level 1 in Conjurations
   337 | D:1      | Reached XP level 2. HP: 19/19 MP: 4/6
  1045 | D:2      | Found a basalt altar of Yredelemnul.
  1046 | D:2      | Found a shimmering blue altar of Sif Muna.
  1046 | D:2      | Found a bloodstained altar of Trog.
  1046 | D:2      | Found a glowing silver altar of Zin.
  1048 | D:2      | Found an iron altar of Okawaru.
  1050 | D:2      | Found a shadowy altar of Dithmenos.
  1092 | D:2      | Reached XP level 3. HP: 20/24 MP: 1/7
  1176 | D:2      | Learned a level 3 spell: Conjure Flame
  1180 | D:2      | Learned a level 3 spell: Mephitic Cloud
  1911 | D:2      | Reached XP level 4. HP: 30/30 MP: 4/8
  2154 | D:3      | Found a stormy altar of Qazlal.
  2408 | D:3      | Killed from afar by an orc priest

Illustrated notes

Levels and vault maps discovered:
D:1:      doesnt_arrival_eight_statues, layout_basic
D:2:      layout_basic, minitemple
D:3:      layout_basic, nicolae_qazlal_general_emergency, first_ration

Skill      XL: |  1  2  3 |
---------------+----------+-----
Conjurations   | 1 2 3 |  3.6
Dodging        | |  1.7
Stealth        | |  2.4
Spellcasting   | |  3.2
Summonings     | |  1.0
Translocations | |  0.8

Action                   |  1- 3 |  4- 6 || total
-------------------------+-------+-------++-------
Melee: Whip              |     2 |       ||     2
 Fire: Hunting sling     |    13 |    14 ||    27
 Cast: Magic Dart        |    63 |    28 ||    91
 Abil: Dig               |     1 |       ||     1
  Eat: Chunk             |     2 |     2 ||     4
Armor: Robe              |       |     2 ||     2
Dodge: Dodged            |     6 |     5 ||    11
